 Dungeon Crawl Stone Soup version 0.30-a0-159-g068b764562 (webtiles) character file.

Game seed: 11237309080972325302

4319 Flugkiller the Destroyer (level 10, -19/102 HPs)
             Began as an Ogre Reaver on Sept 27, 2022.
             Was a High Priest of Uskayaw.
             Killed from afar by a lindwurm (42 damage)
             ... with a blast of flame
             ... on level 9 of the Dungeon.
             The game lasted 00:15:00 (13106 turns).

Flugkiller the Destroyer (Ogre Reaver)             Turns: 13106, Time: 00:15:00

Health: -19/102    AC:  6    Str: 16 (18) XL:     10   Next: 33%
Magic:  8/28       EV:  9    Int: 16 (18) God:    Uskayaw [*****.]
Gold:   141        SH:  0    Dex:  7      Spells: 15/21 levels left

rFire   . . .      SeeInvis .    b - staff of conjuration
rCold   . . .      Faith    .    (no shield)
rNeg    + . .      Spirit   .    r - +0 troll leather armour
rPois   .          Reflect  .    (helmet restricted)
rElec   .          Harm     .    G - +0 cloak
rCorr   .          Rampage  .    (gloves unavailable)
Will    +....                    (boots unavailable)
Stlth   +.........               (no amulet)
HPRegen 1.07/turn                c - ring of magical power
MPRegen 0.21/turn                P - ring of positive energy

@: flying (expiring)
A: large, unfitting armour, tough skin 1
a: Renounce Religion, Stomp, Line Pass, Grand Finale


You were on level 9 of the Dungeon.
You worshipped Uskayaw.
Uskayaw was noncommittal.
You visited 2 branches of the dungeon, and saw 10 of its levels.

You collected 525 gold pieces.
You spent 384 gold pieces at shops.

Inventory:

Hand Weapons
 a - a +4 whip of electrocution
   (You took it off a gnoll on level 8 of the Dungeon)
 p - a +1 mace of draining
   (You found it on level 2 of the Dungeon)
 u - a +1 vorpal flail
   (You took it off an orc on level 4 of the Dungeon)
Missiles
 J - 7 curare-tipped darts
Armour
 f - an orb of guile
   (You found it on level 1 of the Dungeon)
 r - a +0 troll leather armour (worn)
   (You found it on level 8 of the Dungeon)
 C - a +1 robe
 G - a +0 cloak (worn)
   (You found it on level 5 of the Dungeon)
Magical Staves
 b - a staff of conjuration (weapon)
   (You acquired it on level 5 of the Dungeon)
Jewellery
 c - a ring of magical power (left hand)
   (You found it on level 1 of the Dungeon)
 o - a ring of ice
   (You found it on level 2 of the Dungeon)
 x - a ring of resist corrosion
   (You found it on level 6 of the Dungeon)
 P - a ring of positive energy (right hand)
   (You found it on level 9 of the Dungeon)
Wands
 B - a wand of roots (19)
   (You found it on level 5 of the Dungeon)
 D - a wand of paralysis (12)
   (You took it off Ijyb on level 5 of the Dungeon)
 I - a wand of mindburst (15)
   (You found it on level 7 of the Dungeon)
Scrolls
 i - 5 scrolls of enchant armour
 j - 3 scrolls of vulnerability
 k - a scroll of silence
 l - 5 scrolls of immolation
 m - a scroll of amnesia
 t - a scroll of teleportation
 y - a scroll of butterflies
 E - 2 scrolls of acquirement
 K - a scroll of enchant weapon
 L - 3 scrolls of poison
 M - a scroll of brand weapon {unknown}
Potions
 d - 4 potions of might
 e - a potion of cancellation {unknown}
 g - a potion of mutation {unknown}
 h - 4 potions of lignification
 n - a potion of flight
 q - 9 potions of curing
 v - 2 potions of attraction {unknown}
 w - 4 potions of heal wounds
 A - a potion of berserk rage {unknown}
 F - 2 potions of experience {unknown}
 H - 2 potions of resistance {unknown}
 N - a potion of invisibility
 O - a potion of magic
Miscellaneous
 z - a piece from Xom's chessboard (15/15)
   (You found it on level 4 of the Dungeon)


   Skills:
 - Level 7.0 Fighting
 - Level 2.6 Maces & Flails
 - Level 1.7 Dodging
 - Level 6.0 Spellcasting
 + Level 9.1 Conjurations
 - Level 1.0 Fire Magic
 + Level 5.3 Ice Magic
 - Level 1.0 Earth Magic
 - Level 5.0 Evocations


You had 15 spell levels left.
You knew the following spells:

 Your Spells              Type           Power      Damage    Failure   Level
a - Kiss of Death         Conj/Necr      100%       2d13      2%          1
b - Volcanic Tap          Conj/Fire/Erth 50%        3d10      5%          2
c - Hailstorm             Conj/Ice       42%        3d10      2%          3

Your spell library contained the following spells:

 Spells                   Type           Power      Damage    Failure   Level
 Gell's Gravitas          Tloc           4%         N/A       45%         3
 Lesser Beckoning         Tloc           4%         N/A       45%         3
 Teleport Other           Tloc           4%         N/A       45%         3
 Olgreb's Toxic Radiance  Pois           4%         N/A       86%         4
 Ozocubu's Refrigeration  Ice            10%        4d9       100%        7
 Ignition                 Fire           4%         3d4       100%        8


Dungeon Overview and Level Annotations

Branches:
Dungeon (9/15) Zot: 25731  Temple (1/1) D:5 Zot: 5976
   Lair: D:8-11         Orc: D:9-12

Altars:
Cheibriados
Dithmenos
Elyvilon
Fedhas
Hepliaklqana
Makhleb
Nemelex Xobeh
Okawaru
Qazlal
Ru
Sif Muna
Trog
Uskayaw
Vehumet
Xom
Zin

Shops:
D:9 !


Innate Abilities, Weirdness & Mutations

You are too large for most types of armour.
You have tough skin. (AC +1)


Message History

The lindwurm roars!
A lindwurm comes into view.
The lindwurm moves out of view.
Casting: Hailstorm (mildly dangerous; 2% risk of failure)
Confirm with . or Enter, or press ? or * to list all spells.
You can't see any susceptible monsters within range! (Use Z to cast anyway.)
There are monsters nearby!
Okay, then.
Okay, then.
Okay, then.
It was a potion of degeneration.
There was something very wrong with that liquid.
You feel weakened.
You feel dopey.
You feel clumsy.
You drop 2 potions of degeneration.
You start waiting.
Done waiting.
It was a potion of flight.
You feel very buoyant.
You fly up into the air.
The lindwurm roars!
The lindwurm roars!
Casting: Hailstorm (mildly dangerous; 2% risk of failure)
Confirm with . or Enter, or press ? or * to list all spells.
You can't see any susceptible monsters within range! (Use Z to cast anyway.)
The lindwurm breathes flames at you. The blast of flame hits you!!!
Casting: Hailstorm (mildly dangerous; 2% risk of failure)
Confirm with . or Enter, or press ? or * to list all spells.
You feel a surge of power!
A cannonade of hail descends around you!
The hail pelts the lindwurm!
The lindwurm is moderately wounded.
The hail pelts the lindwurm!
The lindwurm is moderately wounded.
You can now pass through a line of other dancers.
Casting: Hailstorm (mildly dangerous; 2% risk of failure)
Confirm with . or Enter, or press ? or * to list all spells.
You feel a surge of power!
A cannonade of hail descends around you!
The hail pelts the lindwurm!
The lindwurm is heavily wounded.
The hail pelts the lindwurm!
The lindwurm is severely wounded.
The lindwurm breathes flames at you. The blast of flame hits you!
You hear a roar!
Casting: Hailstorm (mildly dangerous; 2% risk of failure)
Confirm with . or Enter, or press ? or * to list all spells.
You feel a surge of power!
A cannonade of hail descends around you!
The hail pelts the lindwurm!
The lindwurm is severely wounded.
The hail pelts the lindwurm!
The lindwurm is almost dead.
Uskayaw will force your foes to helplessly watch your dance.
Uskayaw prepares the audience for your solo!
Casting: Hailstorm (mildly dangerous; 2% risk of failure)
Confirm with . or Enter, or press ? or * to list all spells.
You feel a surge of power!
A cannonade of hail descends around you!
The hail pelts the lindwurm!
You kill the lindwurm!
The hail pelts the lindwurm.
You kill the lindwurm!
The lindwurm is no longer paralysed.
Uskayaw will force your foes to share their pain.
Uskayaw links your audience in an emotional bond!
You feel your strength returning.
You feel your dexterity returning.
Training target 5.0 for Evocations reached!
Your Evocations skill gained 2 levels and is now at level 5!
You need to enable at least one skill for training.
Casting: Hailstorm (mildly dangerous; 2% risk of failure)
Confirm with . or Enter, or press ? or * to list all spells.
You feel a surge of power!
A cannonade of hail descends around you!
The hail pelts the lindwurm!
The lindwurm is moderately wounded.
The lindwurm breathes flames at you. The blast of flame hits you!
Casting: Hailstorm (mildly dangerous; 2% risk of failure)
Confirm with . or Enter, or press ? or * to list all spells.
You feel a surge of power!
A cannonade of hail descends around you!
The hail pelts the lindwurm!!
The lindwurm is almost dead.
Careful!
You are starting to lose your buoyancy.
The lindwurm is no longer sharing its pain. x2
The lindwurm breathes flames at you. The blast of flame hits you!!
* * * LOW HITPOINT WARNING * * *
You can now merge with and destroy a victim.
Casting: Hailstorm (mildly dangerous; 2% risk of failure)
Confirm with . or Enter, or press ? or * to list all spells.
You feel a surge of power!
A cannonade of hail descends around you!
The hail pelts the lindwurm!!
You kill the lindwurm!
The lindwurm breathes flames at you. The blast of flame hits you!!!
You die...

..§≈≈§§§§§≈≈≈≈§§...### #§§.....
.≈≈§§≈§§§§§≈≈≈≈§≈§...#####§......
.≈≈≈≈§≈....§§§≈≈§§.......§§......
≈≈≈§§...##...≈§≈§≈...............
≈§§≈≈. ##..≈≈≈≈§...............
≈≈§§§. .#..§≈≈≈...........<...
≈≈§≈.# ##.§≈≈≈§..........))..
≈§≈§.## k?##†≈≈≈≈≈..............
≈§§≈..# (.#.†≈≈@≈...######!.)...
≈§§§≈..####.k≈≈≈≈≈..#.....#...###
§≈≈≈≈...##...§§§≈≈..#.....#...#
.≈≈≈§§§.§.§§§§§§≈...#.....#...#
.§≈≈§≈≈§≈§≈≈≈≈≈§≈...#.....#...###
§.≈§§≈§≈≈§§§≈§≈≈...##.....#.....#
...≈≈≈≈§§§≈≈≈§≈...........#.....#
.....≈≈§≈≈§≈≈.............###...#
........§≈..................#...#


You could see a lindwurm (catching breath).

Vanquished Creatures
  3 lindwurms (D:9)
  A troll (D:8)
  Sigmund (D:3)
  A vampire (D:7)
  2 steam dragons
  Menkaure (D:4)
  A sky beast (D:6)
  An ice beast (D:6)
  3 orc warriors
  3 centaurs
  3 kobold brigands
  Blork the orc (D:6)
  2 bullfrogs
  A gnoll sergeant (D:8)
  A scorpion (D:5)
  3 wights
  6 killer bees
  An electric eel (D:9)
  A howler monkey (D:5)
  4 orc priests
  7 hounds
  4 iguanas
  2 orc wizards
  Ijyb (D:5)
  Terence (D:2)
  Natasha (D:2)
  4 gnolls (D:8)
  7 adders
  3 ufetubi
  A worm (D:4)
  3 dart slugs
  26 orcs
  7 endoplasms
  4 giant cockroaches
  7 goblins
  6 hobgoblins
  2 jackals (D:3)
  3 quokkas
  9 ball pythons
  6 bats
  3 frilled lizards
  13 kobolds
  10 rats
170 creatures vanquished.

Vanquished Creatures (others)
  Psyche (D:8)
  Prince Ribbit (D:8)
  An ogre (D:6)
  A phantom (D:7)
  2 bullfrogs (D:7)
  A necrophage (D:7)
  A wight (D:7)
  3 killer bees
  An orc wizard (D:4)
  Natasha (twice) (D:2)
  An adder (D:2)
  A gnoll (D:8)
  2 goblins
  A hobgoblin (D:2)
19 creatures vanquished.

Grand Total: 189 creatures vanquished

Notes
Turn   | Place    | Note
-------+----------+-------------------------------------------
     0 | D:1      | Flugkiller the Ogre Reaver began the quest for the Orb.
     0 | D:1      | Reached XP level 1. HP: 22/22 MP: 3/3
   121 | D:1      | Reached skill level 3 in Conjurations
   121 | D:1      | Reached XP level 2. HP: 28/29 MP: 5/5
   244 | D:1      | Learned a level 2 spell: Volcanic Tap
   450 | D:1      | Reached XP level 3. HP: 30/37 MP: 7/7
  1192 | D:2      | Noticed Terence
  1209 | D:2      | Killed Terence
  1929 | D:2      | Noticed Natasha
  1930 | D:2      | Killed Natasha
  2038 | D:3      | Noticed Sigmund
  2101 | D:2      | Noticed Natasha
  2110 | D:2      | Killed Natasha
  2111 | D:2      | Reached XP level 4. HP: 23/45 MP: 8/8
  2127 | D:2      | Noticed Natasha
  2134 | D:2      | Killed Natasha
  2268 | D:3      | Learned a level 3 spell: Hailstorm
  2269 | D:3      | Found a radiant altar of Vehumet.
  2313 | D:3      | Killed Sigmund
  2314 | D:3      | Reached skill level 4 in Conjurations
  2314 | D:3      | Reached skill level 1 in Fire Magic
  2314 | D:3      | Reached skill level 1 in Earth Magic
  2314 | D:3      | Reached XP level 5. HP: 49/53 MP: 6/10
  2781 | D:3      | Found a faded altar of an unknown god.
  3146 | D:4      | Found a shimmering altar of Xom.
  3260 | D:4      | Noticed Menkaure
  3284 | D:4      | Killed Menkaure
  3284 | D:4      | HP: 1/53 [goblin/sling bullet (3)]
  3285 | D:4      | Reached XP level 6. HP: 2/61 MP: 11/11
  3681 | D:4      | Reached skill level 1 in Ice Magic
  4617 | D:4      | Reached skill level 5 in Conjurations
  5106 | D:5      | Entered Level 5 of the Dungeon
  5152 | D:5      | Found a shadowy altar of Dithmenos.
  5159 | D:5      | Reached XP level 7. HP: 57/67 MP: 13/13
  5649 | D:5      | Found a blossoming altar of Fedhas.
  6226 | D:5      | Identified 3 scrolls of acquirement
  6226 | D:5      | Acquired a staff of conjuration
  6306 | D:5      | Noticed Ijyb
  6314 | D:5      | Paralysed by Ijyb for 5 turns
  6319 | D:5      | Killed Ijyb
  6364 | D:5      | Reached skill level 5 in Spellcasting
  6422 | D:5      | Found a staircase to the Ecumenical Temple.
  6437 | Temple   | Entered the Ecumenical Temple
  6452 | Temple   | Became a worshipper of Uskayaw the Reveller
  6567 | D:6      | Reached * piety under Uskayaw
  6580 | D:6      | Reached skill level 6 in Conjurations
  6580 | D:6      | Reached ** piety under Uskayaw
  7102 | D:6      | Reached XP level 8. HP: 67/71 MP: 15/15
  7108 | D:6      | Reached *** piety under Uskayaw
  7109 | D:6      | Reached skill level 5 in Fighting
  7112 | D:6      | Reached **** piety under Uskayaw
  7350 | D:6      | Noticed Blork the orc
  7365 | D:6      | Killed Blork the orc
  8053 | D:7      | Noticed a vampire
  8191 | D:7      | Killed a vampire
  8192 | D:7      | Reached skill level 7 in Conjurations
  9625 | D:8      | Reached XP level 9. HP: 58/86 MP: 12/18
 10839 | D:8      | Noticed Psyche
 10847 | D:8      | Killed Psyche
 10848 | D:8      | Reached skill level 8 in Conjurations
 10848 | D:8      | Reached skill level 5 in Ice Magic
 10899 | D:8      | Noticed Prince Ribbit
 10922 | D:8      | Killed Prince Ribbit
 11847 | D:9      | Found a hazy altar of Hepliaklqana.
 11877 | D:9      | Noticed a troll
 11912 | D:8      | Killed a troll
 11913 | D:8      | Reached skill level 9 in Conjurations
 12221 | D:9      | Reached skill level 1 in Evocations
 12347 | D:9      | Found Wadwar's Distillery.
 12352 | D:9      | Bought a potion of heal wounds for 80 gold pieces
 12352 | D:9      | Bought a potion of curing for 48 gold pieces
 12352 | D:9      | Bought a potion of invisibility for 128 gold pieces
 12352 | D:9      | Bought a potion of magic for 128 gold pieces
 12505 | D:9      | Reached ***** piety under Uskayaw
 12507 | D:9      | Reached XP level 10. HP: 71/102 MP: 11/19
 12957 | D:9      | Noticed a lindwurm
 12957 | D:9      | Noticed a lindwurm
 12960 | D:9      | Noticed a lindwurm
 12960 | D:9      | Noticed a lindwurm
 13103 | D:9      | Killed a lindwurm
 13103 | D:9      | Killed a lindwurm
 13104 | D:9      | Reached skill level 5 in Evocations
 13106 | D:9      | Killed a lindwurm
 13106 | D:9      | Killed from afar by a lindwurm

Illustrated notes

Levels and vault maps discovered:
D:1:      eino_arrival_druids_welcome, layout_loops_ring
D:2:      minmay_wonky_spiral, layout_loops_ring, nicolae_figureground_sparkle,
          uniq_terence, uniq_natasha
D:3:      layout_basic, nicolae_vehumet_radiance, basic_ecumenical_altar,
          uniq_sigmund
D:4:      layout_basic, xom_butterflies, hangedman_abyss_or_decor_stabs,
          minmay_unequal, uniq_menkaure
D:5:      layout_basic, mainiacjoe_overflow_24_doors, fedhas_altar_2,
          minmay_temple_entry_crystal_x, hex_intersection,
          chequers_serial_rivers_micro_b, kennysheep_generic_room_2, uniq_ijyb
D:6:      layout_loops_corners, st_stairs_10, uniq_blork_the_orc
D:7:      layout_rooms, serial_corexii_hall, corexii_hall_statues_s,
          corexii_hall_statues_x, minmay_misc_feat_pillars, grunt_ministairs_13
D:8:      layout_rooms, uniq_psyche, uniq_prince_ribbit1
D:9:      layout_irregular_city, nzn_hepliaklqana_mist_gate, serial_shops,
          nicolae_shop_hallway_stairs, minivault_4, amethyst_killhole,
          minmay_lindwurm_lava
Temple:   compressed_dpeg_triangle_lava_temple

Skill      XL: |  1  2  3  4  5  6  7  8  9 10 |
---------------+-------------------------------+-----
Fighting       | 3 4 5 7 |  7.0
Conjurations   | 3 4 5 6 7 9 |  9.1
Spellcasting   | 3 4 5 6 |  6.0
Fire Magic     | 1 |  1.0
Earth Magic    | 1 |  1.0
Ice Magic      | 1 3 4 5 |  5.3
Evocations     | 3 5 |  5.0
Maces & Flails | |  2.6
Dodging        | |  1.7

Action                   |  1- 3 |  4- 6 |  7- 9 | 10-12 || total
-------------------------+-------+-------+-------+-------++-------
Melee: Mace              |   121 |   124 |   155 |       ||   400
       Punch             |     1 |       |     4 |       ||     5
       Whip              |       |       |    45 |       ||    45
       Staff             |       |       |    14 |       ||    14
 Cast: Kiss of Death     |     1 |     1 |     4 |       ||     6
       Volcanic Tap      |     8 |    10 |    31 |       ||    49
       Hailstorm         |       |     2 |    98 |    11 ||   111
Evoke: Wand              |       |       |     4 |       ||     4
  Use: Scroll            |     1 |     4 |     9 |       ||    14
       Potion            |       |       |     1 |     2 ||     3
 Stab: Sleeping          |     1 |       |       |       ||     1
       Paralysed         |       |       |     2 |       ||     2
Armor: Robe              |    51 |    49 |   111 |       ||   211
       Troll leather arm |       |       |     9 |       ||     9
Dodge: Dodged            |    59 |    64 |   159 |     1 ||   283

Table legend: (Time is in decaauts)
 A = Elapsed time spent in this place.
 B = Non-inter-level travel time spent in this place.
 C = Inter-level travel time spent in this place.
 D = Time resting spent in this place.
 E = Time spent auto-exploring this place.
 F = Levels seen in this place.
 G = Mean time per level.
                   A        B        C        D        E       F      G
               +--------+--------+--------+--------+--------+-----+--------+
         Total |  13241 |  12970 |    271 |   6310 |   4826 |  10 | 1324.1 |
       Dungeon |  13217 |  12953 |    264 |   6310 |   4818 |   9 | 1468.6 |
        Temple |     23 |     16 |      7 |      0 |      8 |   1 |   23.0 |
               +--------+--------+--------+--------+--------+-----+--------+

Top non-repeatable levels by time:
     D:6: 2158 daAuts
     D:7: 2082 daAuts
     D:4: 1858 daAuts
     D:2: 1576 daAuts
     D:5: 1415 daAuts
     D:8: 1413 daAuts
     D:3: 1022 daAuts
     D:9: 976 daAuts
     D:1: 713 daAuts
  Temple: 23 daAuts
